 Dungeon Crawl Stone Soup version 0.19-a0-1888-g6ba2374 (webtiles) character file.

163 Naow the Chopper (level 5, -6/41 HPs)
             Began as a Formicid Fighter on Oct 17, 2016.
             Mangled by an orc warrior
             ... wielding a +0 mace
              (7 damage)
             ... on level 3 of the Dungeon.
             The game lasted 00:02:32 (1524 turns).

Naow the Chopper (Formicid Fighter)                 Turns: 1524, Time: 00:02:32

Health: -6/41      AC:  6    Str: 26    XL:     5   Next: 73%
Magic:  5/5        EV:  8    Int:  8    God:
Gold:   72         SH: 10    Dex: 10    Spells: 0 memorised, 4 levels left

rFire  x . .     SeeInvis +     a - +0 war axe
rCold  + . .     Gourm    .     b - +0 scale mail
rNeg   . . .     Faith    .     c - +0 shield
rPois  .         Spirit   .     (helmet unavailable)
rElec  .         Dismiss  .     (no cloak)
rCorr  .         Reflect  .     (no gloves)
MR     .....     Harm     .     (no boots)
Stlth  ..........               (no amulet)
                                o - ring of ice
                                j - ring of flight

@: mighty
A: permanent stasis, dig shafts and tunnels, four strong arms, antennae 3
a: Dig, Shaft Self, Evoke Flight


You were on level 3 of the Dungeon.
You were not hungry.

You visited 1 branch of the dungeon, and saw 3 of its levels.

You collected 72 gold pieces.

Inventory:

Hand Weapons
 a - a +0 war axe (weapon)
Armour
 b - a +0 scale mail (worn)
 c - a +0 shield (worn)
Jewellery
 j - a ring of flight (left hand)
 o - a ring of ice (right hand)
 q - a +2 amulet of reflection {unknown}
Scrolls
 g - a scroll of immolation {unknown}
 h - a scroll of fear {unknown}
 k - 2 scrolls of identify {unknown}
 l - a scroll of recharging {unknown}
 m - 3 scrolls of amnesia {unknown}
 n - a scroll of noise {unknown}
 p - a scroll of blinking {unknown}
 s - a scroll of enchant weapon {unknown}
 t - a scroll of teleportation {unknown}
Potions
 e - a potion of berserk rage {unknown}
 i - a potion of mutation {unknown}
 r - a potion of ambrosia {unknown}
 v - a potion of haste {unknown}
Comestibles
 f - 3 bread rations
 u - 9 chunks of flesh


   Skills:
 - Level 3.4 Fighting
 + Level 5.2 Axes
 - Level 3.5 Armour
 - Level 0.1 Dodging
 - Level 3.7 Shields


You had 4 spell levels left.
You didn't know any spells.

Dungeon Overview and Level Annotations

Branches:
Dungeon (3/15)

Altars:
Makhleb


Innate Abilities, Weirdness & Mutations

You are under a permanent stasis effect.
You can dig through walls and to a lower floor.
Your four strong arms can wield two-handed weapons with a shield.
You have a pair of large antennae on your head. (SInv)


Message History

The orc warrior is moderately wounded.
The hobgoblin shouts!
The orc warrior hits you with a mace!
You barely miss the orc warrior.
The orc warrior is moderately wounded.
The orc warrior hits you with a mace!
You hit the orc warrior.
The orc warrior is moderately wounded.
The orc warrior hits you with a mace!
* * * LOW HITPOINT WARNING * * *
You feel very mighty all of a sudden. You block the orc warrior's attack.
You closely miss the orc warrior.
The orc warrior is moderately wounded.
You block the orc warrior's attack.
A dart slug comes into view.
Your shield prevents you from hitting the orc warrior.
The orc warrior is moderately wounded.
The orc warrior hits you with a mace!
You die...

.. #w#. ##.... ..
####......
...###..$..{...
.........g.S... .
......goS..o.o. ...
#o#{ ....#####@# {
##.......# {{
....###..##....#
........##...#.#
.....#......##.##
............##..###
...........#......#
#####
..........<..##.#.##
##...##
.......†..(####....#
##.....##


You could see an orc warrior, a dart slug, an orc, 2 hobgoblins and a ball
python.

Vanquished Creatures
  A howler monkey (D:3)
  A hound (D:2)
  3 gnolls
  2 worms
  3 dart slugs (D:1)
  6 leopard geckos
  2 orcs (D:3)
  3 hobgoblins
  4 jackals (D:1)
  5 kobolds
  2 ball pythons (D:1)
  6 bats (D:1)
  5 frilled lizards
  4 goblins
  3 rats (D:2)
50 creatures vanquished.

Notes
Turn   | Place    | Note
-------+----------+-------------------------------------------
     0 | D:1      | Naow the Formicid Fighter began the quest for the Orb.
     0 | D:1      | Reached XP level 1. HP: 18/18 MP: 1/1
   109 | D:1      | Reached XP level 2. HP: 17/24 MP: 2/2
   269 | D:1      | Reached XP level 3. HP: 20/29 MP: 3/3
   432 | D:1      | Reached skill level 3 in Axes
   847 | D:1      | Reached XP level 4. HP: 33/35 MP: 4/4
   935 | D:2      | Reached skill level 4 in Axes
  1051 | D:2      | Found a burning altar of Makhleb.
  1059 | D:2      | Reached XP level 5. HP: 31/41 MP: 5/5
  1506 | D:3      | Noticed an orc warrior
  1514 | D:3      | Reached skill level 5 in Axes
  1521 | D:3      | HP: 1/41 [orc warrior/mace (13)]
  1524 | D:3      | Mangled by an orc warrior

Vault maps used:
D:1:      lemuel_arrival_muddy, minmay_pentomino_v4
D:2:      first_bread, minmay_misc_feat_tower, makhleb_heckhound_becter

Skill      XL: |  1  2  3  4  5 |
---------------+----------------+-----
Axes           | 3 4 5 |  5.2
Fighting       | |  3.4
Armour         | |  3.5
Dodging        | |  0.1
Shields        | |  3.7

Action                   |  1- 3 |  4- 6 || total
-------------------------+-------+-------++-------
Melee: War axe           |   112 |    74 ||   186
  Use: Potion            |       |     1 ||     1
  Eat: Chunk             |       |     2 ||     2
Armor: Scale mail        |    57 |    16 ||    73
Dodge: Dodged            |    45 |    24 ||    69
Block: Shield            |    88 |    35 ||   123
